 Dungeon Crawl Stone Soup version 0.23-a0-550-g7de1f8e (webtiles) character file.

4 Lavandula the Sneak (level 1, -1/11 HPs)
             Began as a Halfling Enchanter on Dec 9, 2018.
             Slain by a giant cockroach (2 damage)
             ... on level 1 of the Dungeon.
             The game lasted 00:00:43 (65 turns).

Lavandula the Sneak (Halfling Enchanter)              Turns: 65, Time: 00:00:44

Health: -1/11      AC:  4    Str:  9    XL:     1   Next: 77%
Magic:  3/3        EV: 15    Int: 13    God:
Gold:   0          SH:  0    Dex: 14    Spells: 2/3 levels left

rFire    . . .     SeeInvis .   a - +1 dagger
rCold    . . .     Gourm    .   (shield restricted)
rNeg     . . .     Faith    .   b - +0 robe
rPois    .         Spirit   .   (no helmet)
rElec    .         Reflect  .   (no cloak)
rCorr    .         Harm     .   (no gloves)
MR       .....                  (no boots)
Stlth    ++........             (no amulet)
HPRegen  0.03/turn              (no ring)
MPRegen  0.08/turn              (no ring)

@: no status effects
A: small, yellow scales 1, mutation resistance 1
a: no special abilities


You were on level 1 of the Dungeon.
You were not hungry.

You visited 1 branch of the dungeon, and saw 1 of its levels.

Inventory:

Hand Weapons
 a - a +1 dagger (weapon)
Armour
 b - a +0 robe (worn)
Jewellery
 c - an uncursed ring of ice
Comestibles
 d - a ration


   Skills:
 + Level 2.1 Short Blades
 - Level 2.1 Dodging
 - Level 3.2 Stealth
 - Level 1.5 Spellcasting
 - Level 2.4 Hexes


You had 2 spell levels left.
You knew the following spells:

 Your Spells              Type           Power        Failure   Level  Hunger
a - Corona                Hex            #......      10%         1    ##.....

Your spell library contained the following spells:

 Spells                   Type           Power        Failure   Level  Hunger
 Ensorcelled Hibernation  Hex/Ice        #.....       24%         2    ###....
 Confuse                  Hex            #.......     30%         3    ####...
 Tukima's Dance           Hex            #.......     30%         3    ####...
 Dazzling Spray           Conj/Hex       #.....       43%         3    ####...


Dungeon Overview and Level Annotations

Branches:
Dungeon (1/15)

Altars:


Innate Abilities, Weirdness & Mutations

You are small and have problems with some larger weapons.
You are somewhat resistant to further mutation.
You are partially covered in yellow scales. (AC +2)


Message History

Press: ? - help, v - describe, . - travel
Here: a giant cockroach (clinging)
The floor.
You aren't carrying any potions.
Unknown command.
You aren't carrying any scrolls.
Unknown command.
Unknown command.
There is an open door here.
The giant cockroach barely misses you. The giant cockroach barely misses you.
The giant cockroach barely misses you.
You see here a blue potion.
It was a potion of mutation.
You feel extremely strange.
Yellow scales grow over part of your body.
The giant cockroach barely misses you.
A hobgoblin comes into view. It is wielding a +0 club.
The hobgoblin shouts!
The giant cockroach bites you.
You die...

#.#######
.........##
..........g##
.............###
................###
..............#...#
#.................#
#.............Ks@.#
#.............=...#
##.......!...r..###
.##............##
...........########
#..........##..r..#
#...........#.###.#
g.#.#######.K.K<'.#
..............###.#


You could see a giant cockroach, a hobgoblin, a kobold and a rat.

Vanquished Creatures
  A dart slug (D:1)
  A leopard gecko (D:1)
2 creatures vanquished.

Notes
Turn   | Place    | Note
-------+----------+-------------------------------------------
     0 | D:1      | Lavandula the Halfling Enchanter began the quest for the
                  | Orb.
     0 | D:1      | Reached XP level 1. HP: 11/11 MP: 3/3
    61 | D:1      | Gained mutation: You are partially covered in yellow
                  | scales. (AC +2) [potion of mutation]
    65 | D:1      | Slain by a giant cockroach

Vault maps used:
D:1:      dpeg_arrival_tiny_d

Skill      XL: |  1 |
---------------+----+-----
Short Blades   | 2 |  2.1
Dodging        | |  2.1
Stealth        | |  3.2
Spellcasting   | |  1.5
Hexes          | |  2.4

Action                   || total
-------------------------++-------
Melee: Dagger            ||    11
  Use: Potion            ||     1
 Stab: Sleeping          ||     1
Dodge: Dodged            ||     9

Table legend:
 A = Non-vault XP
 B = Vault XP
 C = Vault XP percentage of total XP
 D = Non-vault monster count
 E = Vault monster count
 F = Vault count percentage of total count
                 A         B        C        D         E       F
            +---------+---------+-------+---------+---------+-------
      Total |       7 |       0 |   0.0 |       2 |       0 |   0.0
            +---------+---------+-------+---------+---------+-------
        D:1 |       7 |       0 |   0.0 |       2 |       0 |   0.0
            +---------+---------+-------+---------+---------+-------
